 Dungeon Crawl Stone Soup version 0.17-b1-15-g0f5fb43 (webtiles) character file.

2389 Hanyuu the Martial Artist (level 9, -2/59 HPs)
             Began as an Octopode Transmuter on Nov 4, 2015.
             Slain by an ice beast (4 damage)
             ... on level 7 of the Dungeon.
             The game lasted 00:20:52 (7870 turns).

Hanyuu the Martial Artist (Octopode Transmuter)     Turns: 7870, Time: 00:20:52

Health: -2/59      AC:  1    Str:  9    XL:     9   Next: 46%
Magic:  23/24      EV: 20    Int: 21    God:
Gold:   315        SH:  0    Dex: 15    Spells: 3 memorised, 10 levels left

rFire  . . .     SeeInvis .       - Unarmed
rCold  + . .     Clarity  .     (no shield)
rNeg   . . .     SustAt   +     (helmet restricted)
rPois  .         Gourm    .     (no amulet)
rElec  .         Spirit   .     M - ring "Zuzais" {rC+ EV+2 Int+3 Dex-3}
rCorr  .         Warding  .     N - ring of sustain attributes
rMut   .         Stasis   .     P - ring of magical power
MR     +....                    Q - ring of protection from magic
Stlth  +++.......               (no ring)
                                (no ring)
                                (no ring)
                                (no ring)

@: agile, about to teleport, somewhat resistant to hostile enchantments, fairly
stealthy
A: almost no armour, amphibious, 8 rings, constrict 8, camouflage 1, gelatinous
body 1
a: no special abilities


You were on level 7 of the Dungeon.
You were not hungry.

You visited 1 branch of the dungeon, and saw 7 of its levels.
You also visited: Ossuary.

You collected 315 gold pieces.

Inventory:

Hand Weapons
 a - a +0 blowgun
Missiles
 d - 2 needles of confusion
 E - 35 poisoned needles
 F - 144 stones (quivered)
 J - 119 arrows
Jewellery
 G - an uncursed ring of teleportation
 M - the ring "Zuzais" (left tentacle) {rC+ EV+2 Int+3 Dex-3}
   (You found it on level 6 of the Dungeon)

   [ring of evasion]

   It affects your evasion (+2).
   It affects your intelligence (+3).
   It affects your dexterity (-3).
   It protects you from cold.
 N - a ring of sustain attributes (right tentacle)
 P - a ring of magical power (on tentacle)
 Q - a ring of protection from magic (on tentacle)
Wands
 s - a wand of invisibility (6)
 y - a wand of polymorph (14)
Scrolls
 e - 3 scrolls of teleportation
 h - 3 scrolls of remove curse
 m - a scroll of blinking
 n - a scroll of noise {unknown}
 o - 5 scrolls of recharging
 p - 3 scrolls of fear
 q - a scroll of immolation {unknown}
 t - a scroll of fog {unknown}
 u - 6 scrolls of identify
 v - 3 scrolls of amnesia {unknown}
 I - 2 scrolls of enchant weapon {unknown}
Potions
 i - 2 potions of agility
 k - 3 potions of cancellation
 r - 4 potions of might {unknown}
 w - a potion of invisibility {unknown}
 x - a potion of magic {unknown}
 z - 2 potions of mutation {unknown}
 A - a potion of flight {unknown}
 B - 2 potions of degeneration {unknown}
 C - 2 potions of poison {unknown}
 D - 3 potions of curing {unknown}
 H - a potion of resistance {unknown}
 K - a potion of ambrosia {unknown}
 L - 2 potions of haste {unknown}
Books
 b - a book of Changes

   Spells                             Type                      Level
   a - Beastly Appendage              Transmutation                1
   b - Sticks to Snakes               Transmutation                2
   c - Spider Form                    Transmutation/Poison         3
   d - Ice Form                       Ice/Transmutation            4
   e - Blade Hands                    Transmutation                5
Comestibles
 c - 7 bread rations
 f - 7 meat rations
 g - a slice of pizza
 l - a beef jerky
 O - a chunk of flesh


   Skills:
 + Level 4.7 Fighting
 - Level 1.0 Throwing
 - Level 3.1 Dodging
 + Level 9.6 Unarmed Combat
 - Level 4.0 Spellcasting
 - Level 5.0 Transmutations
 - Level 2.0 Poison Magic


You had 10 spell levels left.
You knew the following spells:

 Your Spells              Type           Power        Failure   Level  Hunger
a - Beastly Appendage     Trmt           ####..       1%          1    None
b - Sticks to Snakes      Trmt           ####......   1%          2    #......
c - Spider Form           Trmt/Pois      ###.......   10%         3    ###....


Dungeon Overview and Level Annotations

Branches:
Dungeon (7/15)
 Temple: D:4-7

Altars:
Fedhas
Kikubaaqudgha
Okawaru
Qazlal
Ru
Vehumet
Yredelemnul

Shops:
D:4 [

Annotations:
D:5 exclusions: phantom, player ghost and 1 more exclusion, Ierbamatei's ghost, amateur HaHu


Innate Abilities, Weirdness & Mutations

You cannot wear most types of armour.
You are amphibious.
You can wear up to eight rings at the same time.
You can use your tentacles to constrict eight enemies at once.
Your skin changes colour to match your surroundings (Stealth).
Your rubbery body absorbs attacks (AC +1).


Message History

You closely miss the ice beast.
The ice beast is moderately wounded.
The ice beast hits you. The ice beast freezes you. You resist.
* * * LOW HITPOINT WARNING * * *
You hit the ice beast but do no damage.
The ice beast is moderately wounded.
The ice beast completely misses you.
You hit the ice beast.
The ice beast looks even sicker.
The ice beast is heavily wounded.
Your transformation has ended.
The ice beast hits you.
* * * LOW HITPOINT WARNING * * *
The ice beast freezes you! You resist.
* * * LOW HITPOINT WARNING * * *
Read which item? (? for menu, Esc to quit)
As you read the scroll of teleportation, it crumbles to dust.
You feel strangely unstable.
The orc wizard miscasts a cantrip.
The ice beast hits you.
You die...

##.......###...#.#.#.
#.....[...)..........
#.####.#.###...#.#.#.
#.# #.#.# ##.###...#
#.# #.#.# #.# ##.##
#.# #.#.# #.# #.# #.#
#. #.# #.# ##.####.#
#. #.# #.ooY@..# #.#
#..###### ..# #..#
### ####..######.
####............
#...........##.#
#o##.##..##.# #. #o.#
.# . #..# .


You could see an ice beast and 2 orc wizards.

Vanquished Creatures
  A hippogriff (D:7)
  A wraith (Ossuary)
  The ghost of 4thArraOfDagon the Insei, an amateur DsAs (D:6)
  A necrophage (D:7)
  4 ice beasts
  A phantom (D:5)
  An ogre (D:5)
  4 centaurs
  2 giant frogs (D:6)
  2 scorpions (D:6)
  3 crimson imps
  4 hounds
  A centaur skeleton (D:4)
  2 giant frog skeletons
  2 orc wizards
  Ijyb (D:3)
  2 orc priests (D:3)
  Jessica (D:2)
  An iguana (D:6)
  5 worker ants
  A mummy (Ossuary)
  8 gnolls
  4 adders
  3 shadow imps
  An adder skeleton (D:5)
  2 worms
  A giant gecko (D:5)
  13 orcs
  4 bats
  3 giant cockroaches
  5 goblins
  7 hobgoblins
  6 jackals
  9 kobolds
  4 quokkas
  2 ball pythons
  4 giant newts
  2 gnoll skeletons (Ossuary)
  10 kobold skeletons (Ossuary)
  13 orc skeletons (Ossuary)
  2 quokka skeletons
  9 rats
153 creatures vanquished.

Notes
Turn   | Place    | Note
--------------------------------------------------------------
     0 | D:1      | Hanyuu the Octopode Transmuter began the quest for the Orb.
     0 | D:1      | Reached XP level 1. HP: 13/13 MP: 3/3
   197 | D:1      | Found an iron altar of Okawaru.
   208 | D:1      | Reached XP level 2. HP: 11/18 MP: 5/5
   672 | D:2      | Found a sacrificial altar of Ru.
   751 | D:2      | Found a stormy altar of Qazlal.
   845 | D:2      | Found a faded altar to an unknown god.
   852 | D:2      | Reached skill level 4 in Unarmed Combat
   886 | D:2      | Reached XP level 3. HP: 14/23 MP: 4/6
  1028 | D:2      | Noticed Jessica
  1033 | D:2      | Killed Jessica
  1237 | D:2      | Learned a level 2 spell: Sticks to Snakes
  1247 | D:2      | Reached XP level 4. HP: 28/28 MP: 1/7
  1348 | D:3      | Found a blossoming altar of Fedhas.
  1417 | D:3      | Found a basalt altar of Yredelemnul.
  1482 | D:3      | Reached skill level 5 in Unarmed Combat
  2047 | D:3      | Noticed Ijyb
  2507 | D:3      | Killed Ijyb
  2507 | D:3      | Reached XP level 5. HP: 30/33 MP: 5/8
  2656 | D:3      | Learned a level 3 spell: Spider Form
  3096 | D:3      | Reached XP level 6. HP: 24/38 MP: 9/9
  3511 | D:4      | Found Pusoe's Antique Armour Shop.
  3547 | D:4      | Found a sand-covered staircase.
  3585 | Ossuary  | Entered an ossuary
  3585 | Ossuary  | Noticed a wraith
  3585 | Ossuary  | Noticed a wraith
  3585 | Ossuary  | Noticed a wraith
  3601 | Ossuary  | Reached skill level 6 in Unarmed Combat
  3707 | Ossuary  | Noticed a wraith
  3731 | Ossuary  | Killed a wraith
  3731 | Ossuary  | Reached XP level 7. HP: 13/43 MP: 5/10
  4541 | D:4      | Reached skill level 5 in Transmutations
  5103 | D:5      | Entered Level 5 of the Dungeon
  5273 | D:5      | Reached skill level 7 in Unarmed Combat
  5601 | D:5      | Reached skill level 1 in Throwing
  5906 | D:5      | Reached XP level 8. HP: 50/52 MP: 11/11
  6132 | D:5      | Noticed Ierbamatei's ghost (amateur HaHu)
  6442 | D:6      | Reached skill level 8 in Unarmed Combat
  6854 | D:6      | Noticed 4thArraOfDagon's ghost (amateur DsAs)
  6882 | D:6      | Killed 4thArraOfDagon's ghost
  7173 | D:6      | Reached XP level 9. HP: 56/56 MP: 15/15
  7304 | D:6      | Reached skill level 1 in Poison Magic
  7307 | D:6      | Found an ancient bone altar of Kikubaaqudgha.
  7312 | D:6      | Got a smoking amber ring
  7338 | D:6      | Identified the ring "Zuzais" {rC+ EV+2 Int+3 Dex-3} (You found it on level 6 of the Dungeon)
  7387 | D:6      | Reached skill level 9 in Unarmed Combat
  7558 | D:7      | Found a radiant altar of Vehumet.
  7869 | D:7      | HP: 2/59 [ice beast (7)]
  7870 | D:7      | Slain by an ice beast

Action                   |  1- 3 |  4- 6 |  7- 9 || total
-------------------------+-------+-------+-------++-------
Melee: Unarmed           |    60 |   110 |   260 ||   430
 Fire: Blowgun           |       |       |    15 ||    15
 Cast: Beastly Appendage |     9 |    12 |     5 ||    26
       Sticks to Snakes  |     2 |    11 |     8 ||    21
       Spider Form       |       |     2 |    17 ||    19
Evoke: Wand              |       |     2 |       ||     2
  Use: Scroll            |       |     7 |     3 ||    10
       Potion            |       |       |     6 ||     6
 Stab: Sleeping          |     5 |     2 |     8 ||    15
       Distracted        |       |       |     2 ||     2
  Eat: Chunk             |     1 |     6 |    13 ||    20
       Pizza             |       |     2 |     2 ||     4
